 Dungeon Crawl Stone Soup version 0.27.1-33-g824d729ab1 (webtiles) character file.

Game seed: 14520787275040937861

104 hilljack the Digger (level 4, -1/24 HPs)
             Began as a Gargoyle Earth Elementalist on Nov 26, 2021.
             Slain by an ice beast (8 damage)
             ... on level 3 of the Dungeon.
             The game lasted 00:04:17 (2020 turns).

hilljack the Digger (Gargoyle Earth Elementalist)   Turns: 2020, Time: 00:04:18

Health: -1/24      AC:  8    Str: 11    XL:     4   Next: 80%
Magic:  5/8        EV: 11    Int: 17    God:
Gold:   124        SH:  5    Dex: 10    Spells: 7/8 levels left

rFire    + . .     SeeInvis .   p - +1 dagger (venom)
rCold    . . .     Faith    .   (no shield)
rNeg     + . .     Spirit   .   b - +2 robe {rF+}
rPois    ∞         Reflect  +   (no helmet)
rElec    +         Harm     .   (no cloak)
rCorr    .         Rampage  .   e - +0 pair of gloves
Will     .....                  (no boots)
Stlth    ++........             j - amulet of reflection
HPRegen  0.08/turn              (no ring)
MPRegen  0.11/turn              (no ring)

@: no status effects
A: sickness immunity, AC +3, negative energy resistance 1, electricity
resistance, torment resistance 1, petrification resistance
a: no special abilities


You were on level 3 of the Dungeon.
You visited 1 branch of the dungeon, and saw 3 of its levels.

You collected 124 gold pieces.

Inventory:

Hand Weapons
 p - a +1 dagger of venom (weapon)
Missiles
 c - 60 stones
 k - 3 javelins
 r - 13 poisoned darts
Armour
 b - a +2 robe of fire resistance (worn)
 e - a +0 pair of gloves (worn)
Jewellery
 j - an amulet of reflection (around neck)
Wands
 m - a wand of polymorph (11)
Scrolls
 f - a scroll of identify {unknown}
 g - a scroll of immolation {unknown}
 i - 3 scrolls of teleportation {unknown}
 l - a scroll of amnesia {unknown}
 o - a scroll of enchant weapon {unknown}
 q - a scroll of magic mapping {unknown}
 s - a scroll of blinking {unknown}
Potions
 a - 2 potions of curing {unknown}
 d - 2 potions of ambrosia {unknown}
 h - a potion of haste {unknown}
 n - 2 potions of heal wounds {unknown}


   Skills:
 + Level 2.0 Armour
 - Level 1.5 Dodging
 - Level 2.1 Stealth
 + Level 2.8 Spellcasting
 + Level 1.8 Transmutations
 + Level 4.5 Earth Magic


You had 7 spell levels left.
You knew the following spells:

 Your Spells              Type           Power      Damage    Failure   Level
a - Sandblast             Erth           34%        2d9       2%          1

Your spell library contained the following spells:

 Spells                   Type           Power      Damage    Failure   Level
 Passwall                 Tmut/Erth      10%        N/A       8%          2
 Stone Arrow              Conj/Erth      20%        3d8       22%         3
 Petrify                  Tmut/Erth      13%        N/A       43%         4
 Gell's Gravitas          Tloc           1%         N/A       47%         3
 Teleport Other           Tloc           2%         N/A       47%         3
 Dispersal                Tloc           1%         N/A       100%        6


Dungeon Overview and Level Annotations

Branches:
Dungeon (3/15)

Altars:
Gozag


Innate Abilities, Weirdness & Mutations

You are immune to sickness and miasma.
Your stone body is resilient. (AC +3)
You are immune to poison.
You resist negative energy. (rN+)
You are resistant to electric shocks. (rElec)
You are resistant to unholy torment.
You are immune to petrification.


Message History

A worm comes into view.
You barely miss the kobold. The kobold barely misses you.
You hit the kobold.
The kobold is poisoned.
The kobold is severely wounded.
You block the kobold's attack.
You miss the kobold.
The kobold is severely wounded.
The kobold hits you but does no damage.
You hit the kobold.
You kill the kobold!
You hit the ice beast.
The ice beast is lightly wounded.
The ice beast hits you. The ice beast freezes you!
You are too injured to fight recklessly!
You are too injured to fight recklessly!
You are too injured to fight recklessly!
You are too injured to fight recklessly!
You are too injured to fight recklessly!
There are monsters nearby!
Aiming: Sandblast (safe; 2% risk of failure)
Press: ? - help, Q - select action, (/) - cycle Shift-Dir - straight line, f - ice beast
Aim: an ice beast (lightly wounded, 79% to hit)
The blast of sand hits the ice beast!
The ice beast is moderately wounded.
The ice beast hits you but does no damage.
Aiming: Sandblast (safe; 2% risk of failure)
Press: ? - help, Q - select action, (/) - cycle Shift-Dir - straight line, f/p - ice beast
Aim: an ice beast (moderately wounded, 79% to hit)
The blast of sand hits the ice beast!
The ice beast is almost dead.
The ice beast hits you but does no damage.
Aiming: Sandblast (safe; 2% risk of failure)
Press: ? - help, Q - select action, (/) - cycle Shift-Dir - straight line, f/p - ice beast
Aim: an ice beast (almost dead, 79% to hit)
The blast of sand hits the ice beast but does no damage.
The ice beast is almost dead.
The ice beast hits you.
* * * LOW HITPOINT WARNING * * *
The ice beast freezes you!
You die...

#####....###
........)..#
###
..##.....#.#
..#
.÷##.....# #
#.#
..##.....#
...
..##.#.#.#
#.#
..##.#.#.#
#w#
####.#.#.#
#Y# #.#.#.#
#@# #.#.#.#.#
#.# #.#.#.#.#
#.#
####.#.#.#.#
#.#
.......#.#.#
#.#
######.#.#.#
#.# #.#.#.#
#.#
#.#.#.#####.#
#.#.........#


You could see an ice beast and a worm.

Vanquished Creatures
  Jessica (D:2)
  3 adders (D:3)
  A worm (D:2)
  A dart slug (D:2)
  3 orcs (D:3)
  4 endoplasms
  3 giant cockroaches (D:1)
  6 hobgoblins
  7 ball pythons
  2 bats
  4 frilled lizards
  2 goblins
  3 kobolds
  4 rats
44 creatures vanquished.

Notes
Turn   | Place    | Note
-------+----------+-------------------------------------------
     0 | D:1      | hilljack the Gargoyle Earth Elementalist began the quest
                  | for the Orb.
     0 | D:1      | Reached XP level 1. HP: 10/10 MP: 3/3
   173 | D:1      | Reached skill level 1 in Transmutations
   234 | D:1      | Reached XP level 2. HP: 15/15 MP: 5/5
   511 | D:1      | Reached skill level 1 in Armour
   715 | D:1      | Reached skill level 4 in Earth Magic
   789 | D:1      | Found a faded altar of an unknown god.
   985 | D:2      | Noticed Jessica
   988 | D:2      | Reached XP level 3. HP: 19/19 MP: 4/6
   990 | D:2      | Killed Jessica
  1252 | D:2      | Reached XP level 4. HP: 24/24 MP: 7/7
  1894 | D:3      | Found an opulent altar of Gozag.
  2011 | D:3      | Noticed an ice beast
  2020 | D:3      | Slain by an ice beast

Illustrated notes

Levels and vault maps discovered:
D:1:      lightli_arrival_noodles, layout_rooms,
          dilly_ecumenical_altar_fadedgnrine, minmay_misc_feat_doors,
          minmay_split_cup_small
D:2:      layout_rooms, corexii_hall_statues_t, uniq_jessica
D:3:      layout_basic, grunt_gozag_statues, grunt_decor_cap

Skill      XL: |  1  2  3  4 |
---------------+-------------+-----
Transmutations | 1 |  1.8
Armour         | 1 2 |  2.0
Earth Magic    | 4 |  4.5
Dodging        | |  1.5
Stealth        | |  2.1
Spellcasting   | |  2.8

Action                   |  1- 3 |  4- 6 || total
-------------------------+-------+-------++-------
Melee: Whip              |    30 |       ||    30
       Dagger            |    10 |    76 ||    86
 Cast: Sandblast         |    19 |     5 ||    24
 Stab: Sleeping          |     1 |       ||     1
Armor: Robe              |    16 |    29 ||    45
       Leather armour    |     3 |       ||     3
Dodge: Dodged            |    26 |    42 ||    68
Block: Other             |     6 |    20 ||    26
       Reflection        |     1 |     1 ||     2
